 Dungeon Crawl Stone Soup version 0.28.0-62-gf88900778d (webtiles) character file.

Game seed: 100668027783568092

36 cbfl8 the Chopper (level 3, 0/33 HPs)
             Began as a Hill Orc Berserker on Sept 6, 2023.
             Was a Follower of Trog.
             Succumbed to an adder's poison
             ... on level 2 of the Dungeon.
             The game lasted 00:01:08 (1747 turns).

cbfl8 the Chopper (Hill Orc Berserker)              Turns: 1747, Time: 00:01:09

Health: 0/33       AC:  8    Str: 19    XL:     3   Next: 37%
Magic:  3/3        EV:  7    Int:  7    God:    Trog [*.....]
Gold:   22         SH:  0    Dex: 12    Spells: 2/2 levels left

rFire   . . .      SeeInvis .   a - +0 hand axe
rCold   . . .      Faith    .   (no shield)
rNeg    . . .      Spirit   .   c - +0 chain mail
rPois   .          Reflect  .   b - +0 hat
rElec   .          Harm     .   (no cloak)
rCorr   .          Rampage  .   (no gloves)
Will    .....                   (no boots)
Stlth   ..........              (no amulet)
HPRegen 0.11/turn               (no ring)
MPRegen 0.08/turn               (no ring)

@: lethally poisoned (0 -> -2)
A: no striking features
a: Renounce Religion, Berserk


You were on level 2 of the Dungeon.
You worshipped Trog.
Trog was aware of your devotion.
You visited 1 branch of the dungeon, and saw 2 of its levels.

You collected 22 gold pieces.

Inventory:

Hand Weapons
 a - a +0 hand axe (weapon)
Armour
 b - a +0 hat (worn)
 c - a +0 chain mail (worn)


   Skills:
 + Level 4.0 Fighting
 + Level 4.6 Axes
 + Level 2.3 Armour
 - Level 1.5 Dodging
 * Level 1.3 Shields
 * Level 1.1 Evocations


You had 2 spell levels left.
You didn't know any spells.
Your spell library was empty.

Dungeon Overview and Level Annotations

Branches:
Dungeon (2/15)

Altars:


Message History

An adder is nearby!
You are too injured to fight recklessly!
An adder is nearby!
You are too injured to fight recklessly!
An adder is nearby!
You are too injured to fight recklessly!
An adder is nearby!
You are too injured to fight recklessly!
An adder is nearby!
You closely miss the adder.
The adder is severely wounded.
You feel sick. The adder bites you.
You are lethally poisoned!
The adder poisons you!
You hit the adder.
You kill the adder!
Trog accepts your kill.
* * * LOW HITPOINT WARNING * * *
You feel sick.
Your Fighting skill increases to level 4!
Found 12 gold pieces.
* * * LOW HITPOINT WARNING * * *
You feel sick.
You aren't carrying any potions.
Unknown command.
There is a lethal amount of poison in your body!
Okay, then.
You aren't carrying any potions.
You aren't carrying any scrolls.
* * * LOW HITPOINT WARNING * * *
You feel sick.
* * * LOW HITPOINT WARNING * * *
You feel sick.
* * * LOW HITPOINT WARNING * * *
You feel sick.
* * * LOW HITPOINT WARNING * * *
You feel sick.
* * * LOW HITPOINT WARNING * * *
You feel sick.
You die... #.# #.# .# #.# ##.# ... ###...# #.## ##P≈PP.## #.$#+# #.P≈PPP.# #....# #.P≈PPPPP

#####@# #.≈†≈≈♣≈P
#...#.# #..≈PP≈≈≈
#.....# ##.#P.≈P≈
###....##########....#P.
+.......†......†........
####...#########.....#.P
#........# #.##.##.P
#.#.####.# #.#####≈≈
#.#. # #..PP≈.≈≈


There were no monsters in sight!

Vanquished Creatures
  An adder (D:2)
  2 endoplasms (D:1)
  2 giant cockroaches
  2 hobgoblins
  2 jackals (D:1)
  A quokka (D:1)
  4 ball pythons
  3 bats
  A frilled lizard (D:1)
  3 goblins (D:1)
  2 kobolds (D:1)
  2 rats (D:1)
25 creatures vanquished.

Vanquished Creatures (others)
  A plant (D:2)
1 creature vanquished.

Grand Total: 26 creatures vanquished

Notes
Turn   | Place    | Note
-------+----------+-------------------------------------------
     0 | D:1      | cbfl8 the Hill Orc Berserker began the quest for the Orb.
     0 | D:1      | Reached XP level 1. HP: 19/19 MP: 1/1
   573 | D:1      | Reached XP level 2. HP: 26/27 MP: 2/2
  1229 | D:1      | Reached skill level 1 in Shields
  1691 | D:2      | Reached skill level 1 in Evocations
  1694 | D:2      | Reached XP level 3. HP: 32/33 MP: 3/3
  1745 | D:2      | HP: 1/33 [poisoned by an adder]
  1747 | D:2      | Succumbed to an adder's poison

Illustrated notes

Levels and vault maps discovered:
D:1:      minmay_arrival_floating_metal, layout_basic
D:2:      layout_loops_corners, serial_shops, nicolae_shop_window_shopping,
          serial_bayou_lagoon_a

Skill      XL: |  1  2  3 |
---------------+----------+-----
Shields        | 1 |  1.3
Evocations     | 1 |  1.1
Fighting       | 4 |  4.0
Axes           | |  4.6
Armour         | |  2.3
Dodging        | |  1.5

Action                   || total
-------------------------++-------
Melee: Hand axe          ||    89
       Punch             ||     1
  Use: Scroll            ||     1
Armor: Animal skin       ||     3
       Chain mail        ||    25
Dodge: Dodged            ||    47
